Map: New Gettysburg LE

Players

ShoWTimE - Winner!

  • Race: Protoss Protoss
  • League: Master

Nerchio

  • Race: Zerg Zerg
  • League: Master

Event: DreamHack ZOWIE Open Valencia 2016

VOD

Have the link to the VOD?

Description

Time

  • Played on: July 16, 2016, 6:03 a.m.
  • Length: 9:48

All games in this series

Show
View Real Time Build Order
Export as new Build Order

ShoWTimE Protoss - Winner!

Build Orders: 1 Gate Expand, Phoenix Opening 

Get SALT Encoding   

  12  0:00  Probe (Chrono Boost)  
  13  0:11  Probe (Chrono Boost)  
  14  0:19  Pylon  
  14  0:22  Probe (Chrono Boost)  
  15  0:37  Probe (Chrono Boost)  
  15  0:40  Gateway  
  16  0:45  Assimilator  
  16  0:49  Probe (Chrono Boost)  
  17  0:59  Probe (Chrono Boost)  
  18  1:10  Probe (Chrono Boost)  
  19  1:23  Nexus  
  19  1:26  Probe (Chrono Boost)  
  20  1:36  Cybernetics Core  
  20  1:39  Probe (Chrono Boost)  
  21  1:45  Assimilator  
  21  1:49  Probe (Chrono Boost)  
  22  1:56  Pylon  
  22  2:00  Probe (Chrono Boost)  
  23  2:11  Adept  
  23  2:13  Warp Gate  
  26  2:16  Probe (Chrono Boost)  
  26  2:28  Probe (Chrono Boost)  
  27  2:34  Stargate, Adept  
  27  2:35  Probe (Chrono Boost)  
  28  2:42  Probe (Chrono Boost)  
  31  2:46  Probe (Chrono Boost)  
  32  2:54  Probe (Chrono Boost)  
  32  2:56  Probe (Chrono Boost)  
  32  2:57  Pylon  
  34  3:05  Adept  
  36  3:06  Mothership Core (Chrono Boost)  
  36  3:07  Probe (Chrono Boost)  
  39  3:16  Phoenix  
  39  3:19  Probe (Chrono Boost)  
  42  3:25  Probe (Chrono Boost)  
  43  3:30  Pylon  
  43  3:31  Adept, Probe (Chrono Boost)  
  44  3:37  Probe (Chrono Boost)  
  47  3:43  Probe (Chrono Boost)  
  49  3:49  Probe (Chrono Boost)  
  49  3:52  Phoenix  
  52  3:55  Probe (Chrono Boost)  
  52  4:01  Probe (Chrono Boost)  
  53  4:07  Probe (Chrono Boost), Nexus  
  53  4:09  Pylon  
  52  4:13  Probe (Chrono Boost)  
  52  4:14  Phoenix  
  53  4:20  Probe (Chrono Boost)  
  57  4:25  Probe (Chrono Boost)  
  57  4:27  Gateway  
  57  4:28  Gateway  
  58  4:32  Probe (Chrono Boost)  
  58  4:36  Probe (Chrono Boost)  
  58  4:37  Phoenix, Assimilator  
  59  4:39  Assimilator  
  59  4:44  Probe (Chrono Boost)  
  62  4:46  Probe (Chrono Boost)  
  62  4:51  Forge  
  63  4:56  Probe (Chrono Boost)  
  63  4:57  Probe (Chrono Boost)  
  63  4:59  Phoenix  
  68  5:07  Probe (Chrono Boost)  
  68  5:08  Probe (Chrono Boost)  
  69  5:16  Protoss Ground Weapons Level 1  
  69  5:17  Robotics Facility  
  69  5:18  Probe (Chrono Boost)  
  69  5:20  Probe (Chrono Boost)  
  71  5:21  Probe (Chrono Boost)  
  72  5:29  Probe (Chrono Boost)  
  72  5:30  Robotics Facility  
  72  5:32  Probe x2 (Chrono Boost)  
  72  5:34  Pylon  
  75  5:40  Sentry  
  75  5:42  Zealot x2, Probe (Chrono Boost)  
  83  5:43  Probe (Chrono Boost)  
  83  5:44  Probe (Chrono Boost)  
  83  5:45  Assimilator  
  83  5:49  Assimilator  
  84  5:51  Twilight Council  
  84  5:54  Probe x2 (Chrono Boost)  
  86  5:59  Probe (Chrono Boost)  
  87  6:04  Probe (Chrono Boost)  
  87  6:05  Observer  
  87  6:06  Probe (Chrono Boost)  
  91  6:12  Probe (Chrono Boost)  
  91  6:13  Immortal  
  93  6:18  Blink  
  93  6:24  Gateway x2  
  93  6:25  Gateway  
  93  6:29  Gateway x2  
  93  6:31  Photon Cannon  
  93  6:38  Pylon  
  93  6:41  Pylon  
  93  6:47  Pylon  
  93  6:49  Pylon  
  93  6:51  Immortal  
  93  6:52  Pylon  
  93  6:54  Protoss Ground Weapons Level 2  
  93  6:57  Immortal  
  93  6:58  Sentry  
  93  7:00  Sentry x2  
  105  7:04  Probe (Chrono Boost)  
  105  7:06  Pylon  
  106  7:15  Pylon  
  106  7:24  Stalker x2  
  106  7:25  Stalker  
  106  7:26  Immortal  
  106  7:29  Photon Cannon  
  112  7:36  Immortal  
  120  7:37  Sentry  
  120  7:38  Stalker x3  
  120  7:43  Photon Cannon  
  126  7:45  Pylon  
  126  7:55  Sentry x2, Stalker x2  
  134  8:01  Photon Cannon  
  134  8:03  Stalker x4  
  142  8:10  Immortal  
  140  8:15  Pylon  
  140  8:16  Pylon  
  140  8:19  Sentry x2  
  148  8:25  Pylon  
  148  8:27  Pylon  
  148  8:28  Pylon  
  148  8:30  Pylon  
  148  8:32  Photon Cannon  
  148  8:37  Stalker x2  
  148  8:38  Stalker  
  153  8:53  Stalker x2  
  131  9:05  Stalker x3  
  131  9:06  Stalker  
  131  9:08  Warp Prism  
  135  9:15  Probe (Chrono Boost)  
  138  9:18  Assimilator  
  140  9:24  Probe x2 (Chrono Boost)  
  140  9:25  Pylon  
  140  9:31  Adept  
  140  9:32  Adept  
  140  9:38  Gateway  
  146  9:45  Zealot  
Show
View Real Time Build Order
Export as new Build Order

Nerchio Zerg 

Build Orders: Hatch First 

Get SALT Encoding   

  12  0:01  Drone  
  13  0:13  Overlord  
  13  0:18  Drone  
  14  0:31  Drone x2  
  14  0:35  Drone  
  17  0:56  Hatchery  
  17  0:57  Drone  
  17  1:00  Drone  
  18  1:07  Extractor  
  17  1:17  Spawning Pool  
  16  1:20  Drone  
  16  1:23  Drone  
  18  1:28  Drone  
  19  1:39  Overlord  
  19  1:50  Drone  
  20  2:04  Queen  
  20  2:06  Metabolic Boost  
  22  2:08  Queen  
  22  2:09  Zergling x2  
  22  2:12  Drone  
  27  2:15  Drone  
  27  2:19  Drone  
  27  2:22  Drone  
  29  2:39  Hatchery  
  29  2:41  Zergling x2  
  29  2:43  Zergling x2  
  30  2:46  Drone  
  30  2:48  Drone  
  32  2:55  Overlord  
  32  2:58  Drone  
  32  3:02  Drone  
  33  3:14  Drone, Zergling x4  
  33  3:15  Drone x2  
  33  3:16  Drone x3  
  41  3:22  Queen  
  43  3:27  Overlord  
  43  3:37  Overlord  
  43  3:39  Drone  
  44  3:45  Queen  
  44  3:49  Drone x6  
  44  3:50  Drone  
  50  3:56  Queen  
  50  3:58  Drone  
  50  3:59  Drone  
  54  4:02  Overlord  
  54  4:06  Drone  
  54  4:10  Lair  
  54  4:15  Evolution Chamber  
  54  4:17  Overlord  
  53  4:18  Zergling x2  
  53  4:21  Extractor  
  53  4:23  Extractor  
  52  4:26  Spore Crawler, Drone  
  52  4:27  Drone x2  
  52  4:29  Drone  
  52  4:30  Drone  
  56  4:38  Drone x5  
  61  4:42  Zerg Melee Weapons Level 1  
  61  4:44  Overlord  
  61  4:46  Drone  
  61  4:47  Drone  
  61  4:52  Roach Warren  
  62  4:58  Drone x3  
  65  5:00  Drone  
  65  5:02  Overlord  
  65  5:04  Drone x3  
  65  5:05  Drone  
  69  5:11  Drone x2  
  69  5:12  Drone, Hydralisk Den  
  71  5:14  Overlord  
  71  5:17  Overlord  
  71  5:26  Drone x3  
  71  5:33  Drone  
  71  5:34  Drone x6, Baneling Nest, Extractor  
  71  5:35  Extractor  
  75  5:37  Spore Crawler  
  75  5:42  Drone  
  75  5:45  Muscular Augments  
  75  5:49  Drone x3  
  78  5:54  Hydralisk x4  
  85  6:03  Drone  
  85  6:04  Drone x3  
  84  6:05  Overlord  
  83  6:17  Hydralisk x3  
  88  6:18  Hatchery  
  88  6:19  Overlord  
  88  6:21  Centrifical Hooks  
  88  6:24  Hydralisk  
  89  6:27  Hydralisk  
  89  6:28  Hydralisk  
  89  6:30  Hydralisk  
  95  6:34  Overlord x2  
  95  6:38  Hydralisk  
  95  6:39  Hydralisk  
  99  6:42  Hydralisk  
  101  6:47  Hydralisk  
  101  6:52  Spore Crawler  
  101  6:57  Hydralisk x2  
  101  6:59  Zergling x14  
  101  7:00  Overlord  
  113  7:03  Zergling x6  
  113  7:08  Zergling x6  
  117  7:11  Overlord  
  117  7:13  Zergling x4  
  117  7:14  Overlord x2  
  121  7:24  Zergling x6  
  121  7:28  Zergling x4  
  121  7:29  Zergling x2  
  127  7:31  Zergling x2  
  127  7:35  Zergling x4  
  127  7:36  Zergling x8  
  134  7:43  Baneling x8  
  134  7:44  Baneling x18  
  134  7:45  Zergling x2  
  134  7:46  Zergling x2  
  134  7:47  Zergling x2  
  134  7:48  Zergling x2  
  134  7:49  Zergling x2  
  137  7:54  Zergling x4  
  137  7:55  Zergling x2  
  137  7:56  Zergling x4  
  137  7:57  Zergling x4  
  142  8:03  Baneling x3  
  142  8:04  Zergling x8  
  142  8:05  Zergling x2  
  145  8:06  Zergling x2  
  145  8:10  Zergling x8  
  145  8:12  Zergling x2  
  143  8:13  Baneling x2  
  143  8:14  Zergling x2, Baneling  
  144  8:23  Zergling x10  
  144  8:25  Zergling x4  
  144  8:26  Baneling x7  
  141  8:27  Zergling x2  
  141  8:29  Zergling x2  
  141  8:30  Zergling x2  
  143  8:37  Zergling x2  
  143  8:38  Zergling x12  
  133  8:52  Zergling x20  
  122  8:56  Hydralisk x3  
  122  8:59  Hydralisk  
  122  9:00  Hydralisk  
  118  9:03  Hydralisk  
  118  9:06  Hydralisk  
  118  9:07  Hydralisk  
  112  9:10  Hydralisk  
  112  9:15  Hydralisk x2  
  116  9:19  Hydralisk  
  116  9:22  Hydralisk  
  116  9:23  Hydralisk  

Tags
 
Add a new tag
Caveats
  • Supply blocks, unpowered buildings, or Contaminate may cause inaccurate times.
  • Supply counts are checked every 10 seconds.